 Dungeon Crawl Stone Soup version 0.21.1-1-g345015fe64 (webtiles) character file.

249 Fascinator the Slasher (level 5, -1/43 HPs)
             Began as a Demonspawn Fighter on July 16, 2018.
             Killed from afar by Blork the orc (8 damage)
             ... with a magic dart
             ... on level 4 of the Dungeon.
             The game lasted 00:05:55 (2964 turns).

Fascinator the Slasher (Demonspawn Fighter)         Turns: 2964, Time: 00:05:56

Health: -1/43      AC: 10    Str: 18    XL:     5   Next: 87%
Magic:  14/14      EV:  7    Int:  9    God:
Gold:   117        SH:  9    Dex: 12    Spells: 4/4 levels left

rFire    . . .     SeeInvis .   a - +0 long sword
rCold    . . .     Gourm    .   c - +0 shield
rNeg     . . .     Faith    .   b - +0 scale mail
rPois    .         Spirit   .   (no helmet)
rElec    .         Reflect  .   (no cloak)
rCorr    .         Harm     .   (no gloves)
MR       .....                  r - +0 pair of boots
Stlth    ..........             (no amulet)
HPRegen  0.14/turn              l - ring of magical power
MPRegen  0.14/turn              (no ring)

@: no status effects
A: claws 1, rugged brown scales 2
a: no special abilities


You were on level 4 of the Dungeon.
You were hungry.

You visited 1 branch of the dungeon, and saw 4 of its levels.

You collected 117 gold pieces.

Inventory:

Hand Weapons
 a - a +0 long sword (weapon)
Armour
 b - a +0 scale mail (worn)
 c - a +0 shield (worn)
 r - a +0 pair of boots (worn)
Jewellery
 l - a ring of magical power (left claw)
Scrolls
 h - 5 scrolls of remove curse {unknown}
 i - a scroll of enchant armour {unknown}
 k - a scroll of random uselessness {unknown}
 m - 2 scrolls of identify {unknown}
 n - 4 scrolls of teleportation {unknown}
 p - a scroll of fog {unknown}
 t - a scroll of enchant weapon {unknown}
Potions
 d - a potion of might
 e - 2 potions of cancellation {unknown}
 g - 2 potions of curing {unknown}
 j - a potion of degeneration {unknown}
 o - 2 potions of lignification {unknown}
 q - a potion of heal wounds {unknown}
 s - a potion of brilliance {unknown}
Comestibles
 f - 5 rations


   Skills:
 + Level 3.3 Fighting
 * Level 4.3 Long Blades
 + Level 3.3 Armour
 + Level 1.0 Dodging
 + Level 3.5 Shields


You had 4 spell levels left.
You didn't know any spells.

Dungeon Overview and Level Annotations

Branches:
Dungeon (4/15)
 Temple: D:4-7

Altars:
Gozag
Kikubaaqudgha
Uskayaw
The Shining One

Annotations:
D:4 Blork the orc


Innate Abilities, Weirdness & Mutations

You have sharp fingernails.
You are mostly covered in rugged brown scales. (AC +2, +5% HP)


Message History

The puff of flame misses you.
You hear some strange, mumbled words.
A puff of frost appears from out of thin air!
You block the puff of frost.
Your shield and scale mail prevent you from hitting something.
You block something's attack. Something hits you but does no damage.
You miss something.
You hear a zap.
A puff of flame appears from out of thin air!
The puff of flame misses you. Something hits you!
You miss something. You block something's attack.
You hit something.
You hear a zap.
A puff of flame appears from out of thin air!
The puff of flame hits you!
* * * LOW HITPOINT WARNING * * *
You hear some strange, mumbled words.
A magic dart appears from out of thin air!
The magic dart hits you!
You die...

#######
#.....#
#.....#
#.....#
##+##†....#
#...<.##'##
#.....#.@#
#.....#.{#
#...<.#..#
.....#####..#
..... ...#
.... ....# ..
....# .....#


There were no monsters in sight!

Vanquished Creatures
  A hound (D:4)
  An orc priest (D:3)
  2 orc wizards (D:3)
  2 adders (D:3)
  An ooze (D:1)
  2 worms
  2 dart slugs
  2 leopard geckos
  10 orcs (D:3)
  4 giant cockroaches
  10 goblins
  5 hobgoblins
  8 jackals
  12 kobolds
  A quokka (D:3)
  12 bats
  5 frilled lizards
  10 rats
  A bush (D:1)
  A plant (D:1)
92 creatures vanquished.

Notes
Turn   | Place    | Note
-------+----------+-------------------------------------------
     0 | D:1      | Fascinator the Demonspawn Fighter began the quest for the Orb.
     0 | D:1      | Reached XP level 1. HP: 18/18 MP: 1/1
    43 | D:1      | Reached skill level 2 in Long Blades
    51 | D:1      | Gained mutation: You are partially covered in rugged brown scales. (AC +1, +3% HP) [demonic ancestry]
    51 | D:1      | Reached XP level 2. HP: 14/24 MP: 2/2
   340 | D:1      | Reached XP level 3. HP: 29/29 MP: 3/3
  1009 | D:2      | Found a hide-covered altar of Uskayaw.
  1011 | D:2      | Found an ancient bone altar of Kikubaaqudgha.
  1116 | D:2      | Reached skill level 3 in Long Blades
  1523 | D:3      | Found an opulent altar of Gozag.
  1575 | D:3      | Gained mutation: You are mostly covered in rugged brown scales. (AC +2, +5% HP) [demonic ancestry]
  1575 | D:3      | Reached XP level 4. HP: 29/36 MP: 4/4
  1738 | D:3      | Gained mutation: You have sharp fingernails. [demonic ancestry]
  1738 | D:3      | Reached XP level 5. HP: 20/43 MP: 5/5
  2143 | D:3      | Reached skill level 4 in Long Blades
  2686 | D:3      | Found a glowing golden altar of the Shining One.
  2939 | D:4      | Reached skill level 1 in Dodging
  2943 | D:4      | Noticed Blork the orc
  2964 | D:4      | Killed from afar by Blork the orc

Skill      XL: |  1  2  3  4  5 |
---------------+----------------+-----
Long Blades    | 2 3 4 |  4.3
Shields        | 3 |  3.5
Armour         | 3 |  3.3
Dodging        | 1 |  1.0
Fighting       | |  3.3

Action                   |  1- 3 |  4- 6 || total
-------------------------+-------+-------++-------
Melee: Long sword        |   249 |   187 ||   436
  Eat: Chunk             |     2 |     5 ||     7
Armor: Scale mail        |    82 |    92 ||   174
Dodge: Dodged            |    52 |    56 ||   108
Block: Shield            |    93 |    93 ||   186
       Rpst.: Long sword |    11 |    16 ||    27
